 Dungeon Crawl Stone Soup version 0.31-a0-408-gb642c7f9a3 (webtiles) character file.

Game seed: 15281482786144394027

278 floatRand the Ruffian (level 6, -1/47 HPs)
             Began as a Draconian Shapeshifter on July 29, 2023.
             Killed from afar by a white imp (6 damage)
             ... with a puff of frost
             ... on level 6 of the Dungeon.
             The game lasted 00:03:41 (2452 turns).

floatRand the Ruffian (Draconian Shapeshifter)      Turns: 2452, Time: 00:03:41

Health: -1/47      AC:  6    Str: 16 (17) XL:     6   Next: 5%
Magic:  6/6        EV: 12    Int:  7 (9)  God:
Gold:   136        SH:  0    Dex: 12 (13) Spells: 5/5 levels left

rFire   . .          .
                       - Unarmed
rCold   . . .        (no shield)
rNeg    . . .        (body armour unavailable)
rPois   .            (helmet currently unavailable)
rElec   .            (cloak currently unavailable)
rCorr   .            (gloves currently unavailable)
SInv    .            (boots currently unavailable)
Will    .....        (no amulet)
Stlth   +            (no ring)
HPRegen 0.27/turn    (no ring)
MPRegen 0.10/turn

%: no passive effects
@: beast-form
A: beast (slay +2), AC +6, unfitting armour, cold-blooded
a: Begin Untransformation


You were on level 6 of the Dungeon.
You were a hulking beast.
You visited 1 branch of the dungeon, and saw 6 of its levels.

You collected 136 gold pieces.

Inventory:

Missiles
 q - a throwing net
Armour
 c - a +0 pair of gloves
Jewellery
 i - a ring of flight
Talismans
 b - a beast talisman
Scrolls
 h - 3 scrolls of teleportation {unknown}
 k - a scroll of immolation {unknown}
 m - a scroll of revelation {unknown}
 o - a scroll of torment {unknown}
 p - a scroll of vulnerability {unknown}
 s - a scroll of brand weapon {unknown}
Potions
 a - a potion of lignification
 e - 2 potions of mutation
 f - 2 potions of enlightenment
 g - a potion of ambrosia
 j - 3 potions of magic


   Skills:
 - Level 1.1 Fighting
 - Level 1.7 Dodging
 * Level 5.8 Unarmed Combat
 + Level 4.2 Shapeshifting


You had 5 spell levels left.
You didn't know any spells.
Your spell library was empty.

Dungeon Overview and Level Annotations

Branches:
Dungeon (7/15)
 Temple: D:4-7

Altars:
Elyvilon

Shops:
D:1 *   D:3 ==

Annotations:
D:3 1 runed translucent door, Crazy Yiuf, Pargi
D:4 1 transporter, zero's ghost, amateur DEAE
D:6 Prince Ribbit


Innate Abilities, Weirdness & Mutations

You are a hulking beast.
Your limbs bulge with bestial killing power. (Slay +2)
Your plain brown scales are hard. (AC +6)
You cannot fit into any form of body armour.
You are cold-blooded and may be slowed by cold attacks.


Message History

You have reached level 6!
Your scales feel tougher.
The white imp attacks as you move away! The white imp hits you.
The white imp freezes you.
* * * LOW HITPOINT WARNING * * *
A scorpion comes into view.
You barely miss the white imp.
The white imp hits you but does no damage.
You hit the white imp but do no damage. The white imp hits you.
* * * LOW HITPOINT WARNING * * *
The white imp freezes you.
* * * LOW HITPOINT WARNING * * *
The gnoll barely misses you.
It was a potion of attraction.
You feel attractive to monsters. The gnoll hits you but does no damage.
The white imp gestures at you. The puff of frost misses you.
It was a potion of degeneration.
There was something very wrong with that liquid.
You feel weakened.
You feel dopey.
You feel clumsy.
The gnoll hits you from afar with a +0 spear.
* * * LOW HITPOINT WARNING * * *
The white imp hits you but does no damage.
Unknown command.
It was a potion of cancellation.
Your magical effects are unravelling.
You feel magically purged. The gnoll closely misses you.
The white imp hits you.
* * * LOW HITPOINT WARNING * * *
The white imp freezes you.
* * * LOW HITPOINT WARNING * * *
You feel less attractive to monsters.
A hound comes into view.
The white imp gestures at you. The puff of frost misses you.
The hound barks!
The white imp gestures at you. The puff of frost hits you.
You die...

#...#....# #.......Fg#
.......g#g# ...$....#s#
..g.....#g# #....##.#.#
#gg..##.#.#
..g.....#s###########.#
.........gh5..h......#
#.###################


You could see a scorpion, a hound, a gnoll and a white imp.

Vanquished Creatures
  A scorpion (D:4)
  A howler monkey (D:6)
  A jelly (D:4)
  A hound (D:4)
  3 adders
  2 dart slugs
  A worm (D:2)
  10 orcs
  6 ball pythons
  9 endoplasms
  2 giant cockroaches
  8 goblins
  9 hobgoblins
  4 jackals (D:1)
  3 quokkas
  7 bats
  7 frilled lizards
  3 kobolds
  3 rats (D:1)
81 creatures vanquished.

Notes
Turn   | Place    | Note
-------+----------+-------------------------------------------
     0 | D:1      | floatRand the Draconian Shapeshifter began the quest for
                  | the Orb.
     0 | D:1      | Reached XP level 1. HP: 16/16 MP: 1/1
     9 | D:1      | Found Wiarhafotu's Assorted Antiques.
   109 | D:1      | Reached XP level 2. HP: 22/23 MP: 2/2
   573 | D:1      | Reached XP level 3. HP: 10/28 MP: 3/3
   740 | D:2      | Reached skill level 4 in Unarmed Combat
  1228 | D:3      | Reached XP level 4. HP: 34/35 MP: 4/4
  1323 | D:3      | Noticed Pargi
  1448 | D:3      | Found Gurio's Jewellery Boutique.
  1507 | D:3      | Found Ikawiwno's Jewellery Boutique.
  1658 | D:3      | Found a runed translucent door.
  1659 | D:3      | Noticed Crazy Yiuf
  2196 | D:4      | Noticed a scorpion
  2203 | D:4      | Killed a scorpion
  2204 | D:4      | Reached skill level 5 in Unarmed Combat
  2204 | D:4      | Reached XP level 5. HP: 27/40 MP: 5/5
  2300 | D:4      | Found a white marble altar of Elyvilon.
  2372 | D:4      | Found a transporter.
  2375 | D:4      | Noticed a hornet
  2402 | D:4      | Noticed zero's ghost (amateur DEAE)
  2424 | D:4      | You fall into a shaft and drop 3 floors!
  2425 | D:7      | Noticed a centaur
  2434 | D:6      | Noticed Prince Ribbit
  2439 | D:6      | Reached XP level 6. HP: 20/47 MP: 6/6
  2444 | D:6      | HP: 2/47 [white imp (4)]
  2452 | D:6      | Killed from afar by a white imp

Illustrated notes

Levels and vault maps discovered:
D:1:      minmay_arrival_solitary_statue, layout_rooms, serial_shops, shop,
          nicolae_hexahallways, hangedman_glass_teeth
D:2:      layout_basic
D:3:      layout_basic, serial_shops, nicolae_shop_tiny_real_fake_doors,
          nicolae_shop_just_a_little_nook, uniq_crazy_yiuf_cottage, uniq_pargi
D:4:      minmay_chambers_of_threes, layout_basic, elyvilon_altar_5,
          gammafunk_ghost_arena, uniq_edmund
D:6:      layout_loops_ring, uniq_prince_ribbit1
D:7:      layout_rooms, grunt_temple_overflow_gold_and_silver,
          lemuel_blue_sif_altar, okawaru_gym_becter, grunt_ministairs_14

Skill      XL: |  1  2  3  4  5 |
---------------+----------------+-----
Unarmed Combat | 4 5 |  5.8
Shapeshifting  | 4 |  4.2
Fighting       | |  1.1
Dodging        | |  1.7

Action                     |  1- 3 |  4- 6 || total
---------------------------+-------+-------++-------
  Melee: Unarmed           |   117 |    86 ||   203
         Tailslap          |    10 |     9 ||    19
         Punch             |     2 |     3 ||     5
    Use: Scroll            |     3 |     2 ||     5
         Potion            |       |     4 ||     4
   Stab: Sleeping          |     2 |       ||     2
 Armour: Skin              |    36 |    21 ||    57
  Dodge: Dodged            |    79 |    57 ||   136

Table legend: (Time is in decaauts)
 A = Elapsed time spent in this place.
 B = Non-inter-level travel time spent in this place.
 C = Inter-level travel time spent in this place.
 D = Time resting spent in this place.
 E = Time spent auto-exploring this place.
 F = Levels seen in this place.
 G = Mean time per level.
                   A        B        C        D        E       F      G
               +--------+--------+--------+--------+--------+-----+--------+
         Total |   2440 |   2392 |     48 |      0 |   1614 |   6 |  406.7 |
       Dungeon |   2440 |   2392 |     48 |      0 |   1614 |   6 |  406.7 |
               +--------+--------+--------+--------+--------+-----+--------+

Top non-repeatable levels by time:
     D:3: 836 daAuts
     D:1: 734 daAuts
     D:2: 513 daAuts
     D:4: 329 daAuts
     D:6: 23 daAuts
     D:7: 3 daAuts
